 Dungeon Crawl Stone Soup version 0.20.1-1-g8b1a95d (webtiles) character file.

283 Irenicus the Chopper (level 6, -4/55 HPs)
             Began as a Deep Dwarf Berserker on Oct 16, 2017.
             Was a Believer of Trog.
             Slain by a gnoll
             ... wielding a +0 flail
              (10 damage)
             ... on level 3 of the Dungeon.
             The game lasted 00:06:28 (2256 turns).

Irenicus the Chopper (Deep Dwarf Berserker)         Turns: 2256, Time: 00:06:29

Health: -4/55      AC:  4    Str: 21    XL:     6   Next: 7%
Magic:  5/5        EV: 12    Int:  7    God:    Trog [**....]
Gold:   152        SH:  0    Dex: 14    Spells: 5/5 levels left

rFire    . . .     SeeInvis .   a - +0 hand axe
rCold    . . .     Gourm    .   (no shield)
rNeg     . . .     Faith    .   m - +0 leather armour
rPois    .         Spirit   .   (no helmet)
rElec    .         Reflect  .   (no cloak)
rCorr    .         Harm     .   g - +0 pair of gloves
MR       .....                  (no boots)
Stlth    +.........             (no amulet)
Regen    0.0/turn               (no ring)
MPRegen  0.1/turn               (no ring)

@: non-regenerating
A: damage resistance, heal wounds, sense surroundings 1, no regeneration
a: Heal Wounds, Berserk, Trog's Hand, Burn Spellbooks, Renounce Religion


You were on level 3 of the Dungeon.
You worshipped Trog.
Trog was pleased with you.
You were not hungry.

You visited 1 branch of the dungeon, and saw 3 of its levels.

You collected 152 gold pieces.

Inventory:

Hand Weapons
 a - a +0 hand axe (weapon)
Armour
 b - a +0 animal skin
 g - a +0 pair of gloves (worn)
 m - a +0 leather armour (worn)
Scrolls
 d - 2 scrolls of magic mapping {unknown}
 e - a scroll of recharging {unknown}
 f - 3 scrolls of identify {unknown}
 h - a scroll of fog {unknown}
 j - 3 scrolls of amnesia {unknown}
 n - 2 scrolls of teleportation {unknown}
 o - a scroll of remove curse {unknown}
Potions
 i - 2 potions of curing {unknown}
 k - 2 potions of haste {unknown}
 l - a potion of invisibility {unknown}
 p - a potion of resistance {unknown}
Comestibles
 c - 2 bread rations
 r - a meat ration


   Skills:
 - Level 2.6 Fighting
 + Level 7.5 Axes
 - Level 2.1 Armour
 - Level 2.1 Dodging


You had 5 spell levels left.
You didn't know any spells.

Dungeon Overview and Level Annotations

Branches:
Dungeon (3/15)

Altars:


Innate Abilities, Weirdness & Mutations

You are resistant to damage.
You can heal yourself by infusing magical energy.
You passively map a small area around you.
You do not regenerate.


Message History

The gnoll closely misses you.
You hit the gnoll.
The gnoll is heavily wounded.
You closely miss the gnoll.
The gnoll is heavily wounded.
The gnoll hits you with a flail.
* * * LOW HITPOINT WARNING * * *
You hit the gnoll.
The gnoll is severely wounded.
The gnoll hits you with a flail.
You barely miss the gnoll.
The gnoll is severely wounded.
The gnoll hits you with a flail!
* * * LOW HITPOINT WARNING * * *
You hit the gnoll.
The gnoll is severely wounded.
You hit the gnoll but do no damage.
The gnoll is severely wounded.
The gnoll hits you with a flail!
You die...

######
##...)....#.#.#
#..#.#####.#.#
########..#.# #....
#.......g.#.#######.#
#.#####...#.......(.#
#.#<# #.#.#.#######.)
#.#.# #.#...# #...#
#.#.###.#...# #.###
#.#.@g..#...# #.###
#.#######..># #....
#.......###.#########
#######.# #.........†
#.# ########### #.#
#.# #.###### #......#


You could see a gnoll.

Vanquished Creatures
  The ghost of keat06 the Ducker, an amateur MiFi (D:3)
  5 gnolls
  An ooze (D:2)
  4 worms
  A dart slug (D:2)
  3 leopard geckos
  3 orcs (D:3)
  6 giant cockroaches
  13 goblins
  8 hobgoblins
  4 jackals (D:2)
  2 ball pythons (D:1)
  4 bats
  2 frilled lizards
  8 kobolds
  11 rats
76 creatures vanquished.

Notes
Turn   | Place    | Note
-------+----------+-------------------------------------------
     0 | D:1      | Irenicus the Deep Dwarf Berserker began the quest for the Orb.
     0 | D:1      | Reached XP level 1. HP: 20/20 MP: 1/1
   135 | D:1      | Reached XP level 2. HP: 14/27 MP: 2/2
   143 | D:1      | Reached skill level 4 in Axes
   338 | D:1      | HP: 1/27 [kobold/club (3)]
   450 | D:1      | Reached XP level 3. HP: 16/33 MP: 2/2
   500 | D:1      | Reached ** piety under Trog
  1104 | D:2      | Reached skill level 5 in Axes
  1348 | D:2      | Reached XP level 4. HP: 10/40 MP: 3/3
  1828 | D:3      | Reached skill level 6 in Axes
  1935 | D:3      | Reached XP level 5. HP: 6/46 MP: 4/4
  2134 | D:3      | Found a faded altar of an unknown god.
  2150 | D:3      | Noticed keat06's ghost (amateur MiFi)
  2161 | D:3      | Killed keat06's ghost
  2161 | D:3      | Reached skill level 7 in Axes
  2161 | D:3      | Reached XP level 6. HP: 12/55 MP: 5/5
  2256 | D:3      | Slain by a gnoll

Skill      XL: |  1  2  3  4  5 |
---------------+----------------+-----
Axes           | 4 5 6 7 |  7.5
Fighting       | |  2.6
Armour         | |  2.1
Dodging        | |  2.1

Action                   |  1- 3 |  4- 6 || total
-------------------------+-------+-------++-------
Melee: Hand axe          |   137 |   102 ||   239
Invok: Berserk           |     3 |     5 ||     8
       Trog's Hand       |       |     4 ||     4
 Abil: Heal Wounds       |     1 |       ||     1
 Stab: Sleeping          |     1 |       ||     1
  Eat: Chunk             |     3 |    11 ||    14
Armor: Animal skin       |    13 |       ||    13
       Leather armour    |    15 |    16 ||    31
Dodge: Dodged            |    81 |    45 ||   126
